Map: New Repugnancy LE

Players

Astrea

  • Race: Protoss Protoss
  • League: Grandmaster
  • Spawn Location: 1:00

scarlett - Winner!

  • Race: Zerg Zerg
  • League: Master
  • Spawn Location: 7:00

Event: 2019 WCS Winter Americas

VOD

Have the link to the VOD?

Description

Time

  • Played on: March 23, 2019, 1 p.m.
  • Length: 12:18

All games in this series

Show
View Real Time Build Order
Export as new Build Order

Astrea Protoss 

Build Orders: Phoenix Opening 

Get SALT Encoding   

  12  0:00  Probe  
  13  0:13  Probe  
  14  0:17  Pylon  
  14  0:24  Probe  
  15  0:32  Probe  
  15  0:37  Gateway  
  15  0:40  Probe  
  16  0:46  Assimilator  
  17  0:50  Probe  
  17  0:54  Assimilator  
  18  0:58  Probe  
  19  1:06  Probe  
  20  1:12  Pylon  
  20  1:17  Probe  
  20  1:24  Cybernetics Core  
  21  1:29  Zealot  
  21  1:30  Probe  
  24  1:42  Probe  
  25  1:54  Probe  
  25  2:00  Sentry, Warp Gate  
  28  2:06  Nexus  
  28  2:08  Probe  
  29  2:16  Pylon  
  29  2:21  Probe  
  30  2:33  Probe  
  30  2:34  Sentry  
  30  2:36  Gateway  
  33  2:44  Gateway  
  33  2:46  Probe  
  34  2:56  Phoenix  
  34  2:58  Probe  
  35  3:00  Sentry  
  37  3:08  Gateway  
  37  3:10  Gateway  
  37  3:12  Probe  
  38  3:18  Sentry, Probe  
  39  3:21  Sentry  
  39  3:22  Sentry  
  39  3:26  Probe  
  42  3:33  Probe  
  47  3:37  Pylon  
  47  3:42  Probe  
  47  3:47  Probe  
  49  3:52  Sentry  
  49  3:54  Probe  
  52  3:56  Zealot x2  
  52  4:02  Pylon  
  56  4:03  Zealot  
  56  4:05  Zealot  
  60  4:15  Sentry  
  62  4:18  Pylon  
  62  4:20  Zealot x2  
  66  4:24  Zealot  
  66  4:28  Pylon  
  66  4:30  Zealot  
  70  4:36  Zealot  
  70  4:46  Zealot  
  70  4:47  Zealot x2  
  71  4:53  Zealot x3  
  71  4:57  Pylon x2  
  77  5:06  Zealot  
  71  5:16  Zealot  
  71  5:17  Zealot x3  
  67  5:31  Stalker  
  57  5:44  Stalker x4  
  57  5:46  Probe x2  
  45  6:05  Stalker  
  45  6:06  Probe x2  
  45  6:09  Stalker x4  
  57  6:14  Robotics Facility  
  57  6:18  Probe x2  
  57  6:22  Assimilator  
  59  6:26  Assimilator  
  59  6:27  Stalker x2  
  59  6:31  Zealot  
  59  6:32  Sentry  
  67  6:43  Pylon, Probe  
  68  6:50  Zealot x2  
  72  6:59  Immortal  
  76  7:16  Zealot x4  
  76  7:17  Zealot  
  76  7:20  Pylon  
  76  7:22  Pylon  
  86  7:27  Pylon  
  86  7:28  Warp Prism  
  86  7:42  Sentry  
  86  7:43  Sentry x3, Zealot  
  98  7:59  Observer  
  98  8:03  Pylon  
  98  8:04  Zealot  
  100  8:06  Sentry x2  
  100  8:07  Zealot x2  
  109  8:13  Pylon  
  109  8:30  Stalker x4  
  109  8:31  Stalker  
  119  8:37  Pylon  
  119  8:51  Nexus  
  119  8:54  Sentry x3  
  119  8:55  Zealot x2  
  129  9:00  Pylon  
  93  9:26  Sentry x2, Stalker  
  93  9:27  Zealot, Stalker  
  93  9:30  Probe x2  
  105  9:32  Pylon  
  103  9:43  Observer  
  99  9:48  Stalker  
  99  9:49  Stalker x3  
  99  9:50  Stalker  
  93  9:55  Probe  
  93  9:58  Probe  
  93  10:06  Probe  
  94  10:07  Probe  
  94  10:09  Immortal  
  94  10:10  Probe  
  100  10:18  Sentry x2, Zealot, Probe  
  100  10:19  Zealot  
  109  10:24  Zealot  
  111  10:38  Probe x3  
  111  10:42  Sentry x2  
  116  10:43  Sentry  
  116  10:46  Probe x3  
  116  10:48  Forge  
  120  10:54  Probe  
  113  11:07  Zealot x5  
  89  11:26  Immortal  
  89  11:31  Stalker x3  
  89  11:32  Stalker x2  
  64  11:56  Sentry x4  
Show
View Real Time Build Order
Export as new Build Order

scarlett Zerg - Winner!

Build Orders: Hatch First 

Get SALT Encoding   

  12  0:00  Drone  
  13  0:12  Overlord  
  13  0:17  Drone  
  14  0:30  Drone x2  
  16  0:47  Hatchery  
  15  0:51  Drone  
  15  0:54  Drone  
  17  0:57  Drone  
  18  1:09  Extractor  
  17  1:13  Spawning Pool  
  17  1:16  Drone  
  17  1:20  Drone  
  18  1:27  Drone  
  19  1:38  Drone  
  20  1:49  Drone  
  20  1:50  Hatchery  
  20  1:59  Queen  
  22  2:02  Drone  
  22  2:08  Drone  
  24  2:14  Queen  
  26  2:21  Metabolic Boost  
  26  2:25  Zergling x2  
  26  2:29  Overlord  
  27  2:33  Zergling x2  
  28  2:47  Drone x5  
  28  2:51  Queen  
  33  2:57  Overlord  
  35  2:59  Drone  
  36  3:08  Queen  
  36  3:11  Drone  
  36  3:12  Drone  
  40  3:17  Drone  
  40  3:19  Drone x2  
  43  3:22  Drone  
  43  3:23  Drone x3  
  47  3:28  Overlord  
  47  3:31  Drone  
  48  3:38  Drone  
  49  3:46  Drone  
  49  3:47  Drone x3  
  52  3:53  Drone x5  
  57  3:57  Zergling x2  
  57  4:01  Overlord  
  58  4:02  Roach Warren  
  58  4:03  Zergling x2  
  58  4:05  Overlord  
  57  4:14  Extractor x2  
  57  4:15  Overlord, Zergling x2  
  57  4:16  Zergling x2  
  57  4:24  Zergling x2  
  57  4:25  Zergling x12  
  57  4:29  Spine Crawler  
  63  4:36  Zergling x2  
  63  4:37  Zergling x10, Spine Crawler  
  64  4:48  Zergling x8  
  64  4:49  Zergling x2  
  64  4:50  Roach  
  68  4:57  Roach x2  
  68  4:59  Queen  
  70  5:00  Queen x2  
  70  5:02  Roach x2  
  70  5:03  Roach  
  75  5:10  Overlord x2  
  68  5:16  Roach x3  
  68  5:18  Ravager  
  70  5:23  Roach, Zergling x6  
  68  5:30  Roach, Zergling x2  
  68  5:33  Roach  
  66  5:38  Zergling x2  
  66  5:39  Zergling x2  
  66  5:42  Roach  
  66  5:45  Queen  
  66  5:48  Zergling x2  
  65  5:59  Drone x3  
  66  6:05  Drone x2  
  68  6:15  Zergling x6  
  71  6:19  Roach x5  
  71  6:20  Overlord x2  
  71  6:24  Overlord, Queen  
  83  6:33  Overlord  
  83  6:36  Lair  
  84  6:40  Zergling x8  
  85  6:48  Drone x4  
  85  6:52  Drone  
  90  6:55  Overlord x2  
  88  7:03  Zergling x8  
  85  7:11  Zergling x12  
  85  7:15  Ravager x3  
  91  7:17  Ravager  
  91  7:21  Drone x4  
  96  7:24  Drone  
  97  7:32  Roach  
  97  7:33  Roach x2  
  97  7:35  Glial Reconstitution  
  97  7:36  Overseer  
  103  7:38  Zergling x6  
  103  7:43  Roach x2, Zergling x4  
  112  7:48  Overlord  
  111  7:54  Roach, Zergling x6  
  113  8:00  Zergling x6  
  113  8:03  Ravager  
  113  8:04  Ravager  
  113  8:05  Zergling x6  
  121  8:08  Zergling x6  
  121  8:11  Roach  
  126  8:16  Zergling x4  
  126  8:18  Ravager  
  129  8:22  Overlord  
  128  8:28  Overlord x2  
  128  8:29  Ravager  
  128  8:30  Hatchery  
  128  8:33  Roach, Zergling x2  
  128  8:34  Zergling x2  
  132  8:37  Ravager  
  133  8:48  Roach, Zergling x16  
  143  8:56  Roach  
  144  9:09  Roach x2  
  147  9:10  Roach x6  
  147  9:16  Roach x2, Zergling x4  
  134  9:18  Overseer  
  134  9:23  Roach x3  
  115  9:32  Zergling x2  
  115  9:33  Queen  
  115  9:37  Ravager, Overseer, Zergling x14  
  123  9:48  Roach x4  
  114  9:53  Roach x2, Zergling x2  
  114  9:56  Zergling x6  
  116  10:01  Zergling x4, Ravager  
  116  10:02  Extractor, Zergling x4  
  116  10:05  Zergling x10  
  125  10:14  Ravager  
  125  10:15  Zergling x10  
  125  10:17  Queen  
  133  10:22  Roach  
  135  10:29  Drone x3  
  135  10:33  Overlord x3  
  138  10:35  Drone  
  138  10:39  Ravager x2  
  138  10:41  Zergling x10  
  146  10:51  Overseer  
  143  10:58  Roach x7, Zergling x2  
  150  11:15  Roach x3, Zergling x2  
  150  11:16  Roach x4, Zergling x4  
  151  11:21  Roach  
  151  11:22  Roach x2  
  151  11:24  Roach  
  144  11:33  Roach x5  
  147  11:43  Roach x4, Zergling x4  
  148  11:47  Roach  
  141  11:56  Roach, Zergling x12  
Tags
 
Add a new tag
Caveats
  • Supply blocks, unpowered buildings, or Contaminate may cause inaccurate times.
  • Supply counts are checked every 10 seconds.